 Dungeon Crawl Stone Soup version 0.28-a0-512-g960c72b710 (webtiles) character file.

Game seed: 12070954039865254388

3472 EnegeticOcto the Cruncher (level 7, 0/48 (50) HPs)
             Began as a Mummy Delver on Sept 22, 2021.
             Was an Elder of Ru.
             Killed from afar by a gargoyle (19 damage)
             ... with a stone arrow
             ... on level 9 of the Dungeon.
             The game lasted 00:15:05 (10084 turns).

EnegeticOcto the Cruncher (Mummy Delver)           Turns: 10084, Time: 00:15:06

HP:   0/48 (50)     AC: 14    Str: 18    XL:     7   Next: 79%
MP:   7/7           EV:  7    Int:  9    God:    Ru [****..]
Gold: 314           SH:  0    Dex: 20    Spells: 6/6 levels left

rFire   x . .      SeeInvis .   t - +2 quarterstaff
rCold   + . .      Faith    .   (shield currently unavailable)
rNeg    + + +      Spirit   .   r - +3 chain mail
rPois   ∞          Reflect  .   m - +1 hat
rElec   .          Harm     .   a - +2 cloak {Stlth+}
rCorr   .          Rampage  .   h - +1 pair of gloves
Will    .....                   k - +0 pair of boots
Stlth   +.........              g - amulet of the acrobat
HPRegen 0.16/turn               s - +6 ring of dexterity
MPRegen 0.10/turn               (no ring)

@: exhausted, corroded, lightly drained
A: cold resistance 1, frail 1, negative energy resistance 3, torment resistance
2, heat vulnerability 1, inexperienced 1, no potions
a: Renounce Religion, Draw Out Power, Power Leap


You were on level 9 of the Dungeon.
You worshipped Ru.
Ru was greatly pleased with you.
You visited 2 branches of the dungeon, and saw 10 of its levels.

You collected 464 gold pieces.
You spent 150 gold pieces at shops.

Inventory:

Hand Weapons
 b - a +0 dagger
   (You found it on level 4 of the Dungeon)
 t - a +2 quarterstaff (weapon)
   (You found it on level 3 of the Dungeon)
Missiles
 e - 36 poisoned darts (quivered)
 i - 211 stones
 o - 8 javelins
 u - 8 boomerangs
Armour
 a - a +2 cloak of stealth (worn)
   (You bought it in a shop on level 5 of the Dungeon)
 h - a +1 pair of gloves (worn)
   (You found it on level 4 of the Dungeon)
 k - a +0 pair of boots (worn)
   (You found it on level 3 of the Dungeon)
 m - a +1 hat (worn)
   (You found it on level 7 of the Dungeon)
 r - a +3 chain mail (worn)
   (You found it on level 1 of the Dungeon)
Jewellery
 g - an amulet of the acrobat (around neck)
   (You found it on level 5 of the Dungeon)
 s - a +6 ring of dexterity (left hand)
   (You found it on level 3 of the Dungeon)
Wands
 f - a wand of digging (6) {@v3}
 j - a wand of polymorph (10)
   (You found it on level 5 of the Dungeon)
 l - a wand of acid (4) {@v1}
   (You found it on level 6 of the Dungeon)
 n - a wand of paralysis (6)
   (You found it on level 7 of the Dungeon)
 v - a wand of charming (5)
   (You took it off Maggie on level 8 of the Dungeon)
Scrolls
 c - 2 scrolls of fog {!r}
 d - 2 scrolls of magic mapping {@r5 !r}
 p - a scroll of identify {@r1}
 q - 6 scrolls of teleportation {@r3 !r}


   Skills:
 - Level 5.1 Fighting
 - Level 1.6 Short Blades
 * Level 11.1 Staves
 - Level 1.6 Dodging
 - Level 4.1 Stealth


You had 6 spell levels left.
You didn't know any spells.
Your spell library contained the following spells:

 Spells                   Type           Power      Damage    Failure   Level
 Corpse Rot               Necr/Air       N/A        N/A       100%        2
 Static Discharge         Conj/Air       0%         N/A       100%        2
 Dispel Undead            Necr           0%         3d6       100%        4
 Lightning Bolt           Conj/Air       0%         1d11      100%        5
 Death Channel            Necr           0%         N/A       100%        6
 Maxwell's Capacitive Co  Air            0%         ∞         100%        8


Dungeon Overview and Level Annotations

Branches:
Dungeon (9/15)             Temple (1/1) D:4            Lair (0/6) D:8
    Orc: D:9-12

Altars:
Ashenzari
Cheibriados
Dithmenos
Elyvilon
Fedhas
Gozag
Hepliaklqana
Kikubaaqudgha
Makhleb
Nemelex Xobeh
Qazlal
Ru
Sif Muna
Uskayaw
Wu Jian
Xom
Yredelemnul
Zin
The Shining One

Shops:
D:5 [([


Innate Abilities, Weirdness & Mutations

You are immune to poison.
Your flesh is cold resistant. (rC+)
You are frail. (-10% HP)
You are immune to negative energy. (rN+++)
You are immune to unholy pain and torment.
You are vulnerable to heat. (rF-)
You are somewhat inexperienced. (-2 XL)
You do not drink.


Message History

There is a stone staircase leading down here.
You climb downwards.
Found 16 gold pieces.
There is a stone staircase leading up here.
A centaur zombie is nearby!
You sock the centaur zombie!
The centaur zombie is moderately damaged.
The centaur zombie hits you but does no damage.
The centaur zombie kicks you but does no damage.
You sock the centaur zombie!
The centaur zombie is heavily damaged.
The centaur zombie hits you but does no damage.
The centaur zombie kicks you but does no damage.
You hit the centaur zombie.
The centaur zombie is severely damaged.
The centaur zombie hits you but does no damage.
The centaur zombie kicks you but does no damage.
You thump the centaur zombie!
You destroy the centaur zombie!
No target in view!
No target in view!
No target in view!
No target in view!
No target in view!
No target in view!
No target in view!
You now have 314 gold pieces (gained 16).
As you open the door, it creaks loudly!
Found a spear.
Found a broken altar of Ashenzari.
Found a shimmering altar of Xom.
Found a glowing silver altar of Zin and an ornate altar of the Wu Jian Council.
Found 25 sling bullets.
An acid dragon comes into view.
The acid dragon roars!
A gargoyle comes into view. It is wielding a +0 morningstar.
The gargoyle begins to attack, but is stunned by your conviction!
You sock the acid dragon!
The acid dragon is heavily wounded.
The acid dragon bites you but does no damage.
The acid dragon claws you but does no damage.
You hit the acid dragon.
The acid dragon is heavily wounded.
The acid dragon spits acid at you. The splash of acid hits you!!
Ouch! That really hurt!
The acid corrodes you!
You hear a bellow!
You hear an angry hiss.
You are restored by drawing out deep reserves of power within.
You feel drained.
The gargoyle hurls a stone arrow at you.
The stone arrow hits you!!
The acid dragon bites you but does no damage.
The acid dragon claws you.
Aiming: Charm
Press: ? - help, Shift-Dir - straight line, f - acid dragon
Aim: an acid dragon (heavily wounded, chance to affect: 46%)
The acid dragon resists with some effort.
The acid dragon barely misses you.
The acid dragon claws you but does no damage.
Aiming: Charm
Press: ? - help, Shift-Dir - straight line, f/p - acid dragon
Aim: an acid dragon (heavily wounded, chance to affect: 46%)
The acid dragon is charmed.
A howler monkey comes into view.
The gargoyle hurls a stone arrow at you.
The stone arrow hits your acid dragon!
Your acid dragon bites the gargoyle!
Your acid dragon claws the gargoyle but does no damage.
The gargoyle barely misses your acid dragon.
Your acid dragon bites the gargoyle but does no damage.
Your acid dragon claws the gargoyle but does no damage.
The gargoyle hurls a stone arrow at you.
The stone arrow hits your acid dragon!!
Your acid dragon dies!
The howler monkey hoots and howls with incredible vigour!
You hear a shout! x2; You hear a bellow!
You hear a loud, deep croak!
You hear a shout!
You hear a loud, deep croak!
You hear an angry buzzing noise.
You hear a loud, deep croak!
You hear an angry hiss.
You hear a shout!
Aiming: Corrosive Bolt
Press: ? - help, Shift-Dir - straight line, f - gargoyle
Aim: a gargoyle, wielding a +0 morningstar (heavily damaged, 86% to hit)
The bolt of acid hits the gargoyle but does no damage.
The gargoyle is heavily damaged.
Aiming: Corrosive Bolt
Press: ? - help, Shift-Dir - straight line, f - howler monkey, p - gargoyle
Aim: a howler monkey (68% to hit)
The bolt of acid hits the howler monkey!
The acid corrodes the howler monkey!
The howler monkey is heavily wounded.
The gargoyle begins to attack, but is stunned by your conviction!
The howler monkey barely misses you.
Aiming: Corrosive Bolt
Press: ? - help, Shift-Dir - straight line, f - gargoyle, p - howler monkey
Aim: a gargoyle, wielding a +0 morningstar (heavily damaged, 86% to hit)
The bolt of acid hits the gargoyle but does no damage.
The gargoyle is heavily damaged.
A tarantella comes into view.
The gargoyle hurls a stone arrow at you.
The stone arrow hits you!!
You die...

.# #.. ###.### # ##.....##
. ##..⌠.⌠..## 9# ≈.§
.##.........####.# ..≈
#.#..(........#... .§§§
#.#.⌠.._._h...#s# .§≈§#
#.......⌠.@...9.#
≈§.§###.#.⌠.._._....#..#
§≈......#...........##....
§§......##.........##
#.### ...##....##..⌠.⌠..##
... ...##.#...##.....##
##. ..###.##...###.###..#
. ......###..........#
<###### ##'#######....


You could see a tarantella (wandering), a gargoyle and a howler monkey
(corroded).

Vanquished Creatures
  Pikel (D:8)
  Maggie (D:8)
  A water moccasin (D:6)
  2 orc warriors
  An ice beast (D:8)
  A sky beast (D:5)
  3 black bears
  2 necrophages (D:7)
  2 ogres (D:5)
  A lemure (D:8)
  3 phantoms
  A bullfrog (D:8)
  A kobold brigand (D:8)
  A wyvern zombie (D:7)
  A gnoll sergeant (D:7)
  A water moccasin zombie (D:5)
  5 killer bees (D:5)
  A howler monkey (D:6)
  3 wights (D:7)
  A bullfrog zombie (D:5)
  A hound (D:3)
  A centaur zombie (D:9)
  A jelly (D:5)
  3 orc priests
  2 bullfrog skeletons (D:5)
  Jessica (D:2)
  3 iguanas
  5 orc wizards
  A hound skeleton (D:5)
  A howler monkey zombie (D:5)
  4 gnolls (D:7)
  4 adders
  2 adder skeletons
  A worm (D:4)
  2 dart slugs
  19 orcs
  9 bats
  6 endoplasms
  4 giant cockroaches
  5 goblins
  4 hobgoblins
  A jackal (D:4)
  8 kobolds
  A quokka (D:5)
  4 ball pythons
  4 frilled lizards
  4 rats
134 creatures vanquished.

Vanquished Creatures (others)
  An acid dragon (D:9)
  3 plants
4 creatures vanquished.

Grand Total: 138 creatures vanquished

Notes
Turn   | Place    | Note
-------+----------+-------------------------------------------
     0 | D:5      | EnegeticOcto the Mummy Delver began the quest for the Orb.
     0 | D:5      | Reached XP level 1. HP: 18/18 MP: 1/1
   242 | D:3      | Reached XP level 2. HP: 20/24 MP: 2/2
   821 | D:1      | Found a faded altar of an unknown god.
   838 | D:1      | Found a faded altar of an unknown god.
  1520 | D:2      | Noticed Jessica
  1525 | D:2      | Killed Jessica
  1526 | D:2      | Reached skill level 4 in Fighting
  1526 | D:2      | Reached XP level 3. HP: 31/31 MP: 3/3
  2158 | D:2      | Reached XP level 4. HP: 38/38 MP: 4/4
  2411 | D:2      | Reached skill level 5 in Fighting
  2895 | D:4      | Noticed a black bear
  2924 | D:4      | Noticed a wyvern
  2939 | D:3      | Reached skill level 1 in Staves
  3070 | D:4      | Reached XP level 5. HP: 30/44 MP: 5/5
  3343 | D:4      | Reached skill level 2 in Staves
  3393 | D:4      | Found a staircase to the Ecumenical Temple.
  3400 | Temple   | Entered the Ecumenical Temple
  3527 | Temple   | Became a worshipper of Ru the Awakened
  3546 | D:4      | Noticed a phantom
  3561 | D:4      | Killed a phantom
  3562 | D:4      | Reached skill level 3 in Staves
  3562 | D:4      | Reached XP level 6. HP: 27/51 MP: 6/6
  4189 | D:5      | Bought a runed cloak for 150 gold pieces
  4223 | D:5      | Reached skill level 4 in Staves
  4284 | D:5      | Noticed a sky beast
  4317 | D:5      | Killed a sky beast
  4657 | D:5      | Reached skill level 5 in Staves
  4657 | D:5      | Reached XP level 7. HP: 56/56 MP: 7/7
  4819 | D:5      | Found Fehoac's Weapon Shop.
  4834 | D:5      | Found Fiugres's Armour Shop.
  5753 | D:5      | Reached skill level 6 in Staves
  5900 | D:5      | Gained mutation: You are frail. (-10% HP) [Ru sacrifice]
  5900 | D:5      | Reached * piety under Ru
  5900 | D:5      | Reached ** piety under Ru
  5904 | D:5      | Reached XP level 8. HP: 36/55 MP: 8/8
  5917 | D:5      | Reached skill level 7 in Staves
  6811 | D:6      | Reached skill level 8 in Staves
  6889 | D:6      | Found a hazy altar of Hepliaklqana.
  7008 | D:6      | Found a burning altar of Makhleb.
  7983 | D:7      | Reached skill level 9 in Staves
  8328 | D:7      | Reached XP level 9. HP: 46/61 MP: 9/9
  8918 | D:8      | Found a staircase to the Lair.
  9247 | D:8      | Gained mutation: You are somewhat inexperienced. (-2 XL)
                  | [Ru sacrifice]
  9247 | D:8      | Reached XP level 8. HP: 55/55 MP: 8/8
  9247 | D:8      | Reached XP level 7. HP: 50/50 MP: 7/7
  9247 | D:8      | Reached *** piety under Ru
  9247 | D:8      | Reached **** piety under Ru
  9466 | D:8      | Reached skill level 10 in Staves
  9613 | D:8      | Noticed Maggie
  9627 | D:8      | Killed Maggie
  9654 | D:8      | Noticed Pikel
  9685 | D:8      | Killed Pikel
  9686 | D:8      | Reached skill level 11 in Staves
 10063 | D:9      | Found a broken altar of Ashenzari.
 10064 | D:9      | Found a shimmering altar of Xom.
 10065 | D:9      | Found an ornate altar of the Wu Jian Council.
 10072 | D:9      | Noticed a gargoyle
 10084 | D:9      | Killed from afar by a gargoyle

Illustrated notes

Levels and vault maps discovered:
D:1:      shiori_arrival_maze, layout_loops_corners,
          hellmonk_ecumenical_altar_the_god_not_taken, kennysheep_crisscross,
          amcnicky_mini_corridor_feature
D:2:      layout_basic, minmay_liquid_box, uniq_jessica
D:3:      layout_rooms, serial_bayou, serial_bayou_pond_e,
          serial_bayou_crossing, serial_bayou_pond_e, serial_bayou_pond_d
D:4:      layout_basic, minmay_temple_entry_steel_oval, minmay_manual_monstrance
D:5:      layout_cave_pods, serial_shops, nicolae_shop_trees,
          nicolae_shop_overgrown_old_shop, nicolae_shop_waterfront
D:6:      layout_rooms, lightli_temple_of_fire,
          worldfamousw_hep_ancestral_shrine
D:7:      layout_gridville
D:8:      layout_gridville, dpeg_oklobed_lair, uniq_pikel, uniq_maggie
D:9:      minmay_the_grid_octo_tiled_octocenter [minmay_the_grid_octo_shrine,
          minmay_the_grid_octo_chip, minmay_the_grid_octo_checkered,
          minmay_the_grid_octo_toaster,
          minmay_the_grid_octo_prize_square_snowflake,
          minmay_the_grid_square_5x5_tri_point,
          minmay_the_grid_square_5x5_gyroscope,
          minmay_the_grid_square_5x5_inner_v, minmay_the_grid_square_5x5_bite],
          layout_loops_corners, chequers_temple_overflow_statue_of_worship,
          kennysheep_okawaru_gauntlet, minmay_misc_feat_doors,
          kennysheep_doodads, grunt_livestock, minmay_misc_feat_columns,
          minmay_misc_feat_ornament, the_hattery
Temple:   regret_index_temple_sphere_string

Skill      XL: |  1  2  3  4  5  6  7  8 |
---------------+-------------------------+-----
Fighting       | 4 5 |  5.1
Staves         | 1 3 5 11 9 | 11.1
Short Blades   | |  1.6
Dodging        | |  1.6
Stealth        | |  4.1

Action                   |  1- 3 |  4- 6 |  7- 9 || total
-------------------------+-------+-------+-------++-------
Melee: Short sword       |    26 |       |       ||    26
       Dagger            |     1 |       |       ||     1
       Long sword        |    72 |    30 |       ||   102
       Quarterstaff      |       |   117 |   328 ||   445
Throw: Stone             |     7 |       |       ||     7
       Dart              |       |       |    16 ||    16
Invok: Draw Out Power    |       |       |     2 ||     2
       Sacrifice Health  |       |       |     1 ||     1
       Sacrifice Experie |       |       |     1 ||     1
Evoke: Wand              |       |       |    11 ||    11
  Use: Scroll            |       |     4 |     6 ||    10
 Stab: Sleeping          |     2 |       |       ||     2
       Paralysed         |       |       |    14 ||    14
       Invisible         |       |       |     1 ||     1
Armor: Leather armour    |    19 |       |       ||    19
       Chain mail        |    27 |   114 |   178 ||   319
Dodge: Dodged            |    62 |    58 |   100 ||   220

Table legend: (Time is in decaauts)
 A = Elapsed time spent in this place.
 B = Non-inter-level travel time spent in this place.
 C = Inter-level travel time spent in this place.
 D = Time resting spent in this place.
 E = Time spent auto-exploring this place.
 F = Levels seen in this place.
 G = Mean time per level.
                   A        B        C        D        E       F      G
               +--------+--------+--------+--------+--------+-----+--------+
         Total |  10130 |   9491 |    639 |   1624 |   5758 |  10 | 1013.0 |
       Dungeon |   9854 |   9230 |    624 |   1494 |   5678 |   9 | 1094.9 |
        Temple |    276 |    261 |     15 |    130 |     80 |   1 |  276.0 |
               +--------+--------+--------+--------+--------+-----+--------+

Top non-repeatable levels by time:
     D:5: 1583 daAuts
     D:4: 1365 daAuts
     D:8: 1353 daAuts
     D:7: 1276 daAuts
     D:3: 1160 daAuts
     D:1: 1099 daAuts
     D:6: 1019 daAuts
     D:2: 948 daAuts
  Temple: 276 daAuts
     D:9: 46 daAuts
